 Dungeon Crawl Stone Soup version 0.27-a0-366-g8badd94918 (webtiles) character file.

Game seed: 17977684837994699492

2993 ALWAYSlose the Fighter (level 9, -1/81 HPs)
             Began as a Minotaur Berserker on Feb 16, 2021.
             Was an Elder of Trog.
             Incinerated by a deep elf pyromancer (4 damage)
             ... with a sticky flame
             ... on level 7 of the Dungeon on Feb 17, 2021.
             The game lasted 00:09:33 (5937 turns).

ALWAYSlose the Fighter (Minotaur Berserker)         Turns: 5937, Time: 00:09:34

Health: -1/81      AC: 11    Str: 28    XL:     9   Next: 54%
Magic:  8/8        EV: 15    Int:  4    God:    Trog [****..]
Gold:   127        SH:  5    Dex: 13    Spells: 8/8 levels left

rFire    . . .     SeeInvis .   x - +1 trident of Onimiyqy {vorpal, Str+6}
rCold    + . .     Faith    .   D - +0 buckler {rC+}
rNeg     . . .     Spirit   .   y - +2 swamp dragon scales
rPois    +         Reflect  .   (helmet restricted)
rElec    .         Harm     .   (no cloak)
rCorr    .         Rampage  .   (no gloves)
Will     ++...                  (no boots)
Stlth    +.........             (no amulet)
HPRegen  1.23/turn              w - ring of poison resistance
MPRegen  0.11/turn              (no ring)

@: liquid flames, berserk cooldown, attractive, regenerating, slowed, glowing,
very slow
A: retaliatory headbutt, horns 2
a: Renounce Religion, Berserk, Trog's Hand, Brothers in Arms


You were on level 7 of the Dungeon.
You worshipped Trog.
Trog was greatly pleased with you.
You visited 1 branch of the dungeon, and saw 7 of its levels.

You collected 322 gold pieces.
You spent 195 gold pieces at shops.

Inventory:

Hand Weapons
 a - a +2 vorpal broad axe
 x - the +1 trident of Onimiyqy (weapon) {vorpal, Str+6}
   (You found it on level 6 of the Dungeon)

   It inflicts extra damage upon your enemies.
   It affects your strength (+6).
Missiles
 i - 4 atropa-tipped darts
 j - 15 poisoned darts
 r - a throwing net
Armour
 h - a +0 plate armour
 y - +2 swamp dragon scales (worn)
 D - a +0 buckler of cold resistance (worn)
Jewellery
 w - a ring of poison resistance (left hand)
Wands
 k - a wand of iceblast (7)
 t - a wand of acid (10)
Scrolls
 b - 5 scrolls of teleportation {unknown}
 e - a scroll of enchant weapon {unknown}
 f - 5 scrolls of identify {unknown}
 m - a scroll of enchant armour {unknown}
 p - a scroll of noise {unknown}
 u - 2 scrolls of magic mapping {unknown}
 z - a scroll of amnesia {unknown}
 B - a scroll of immolation {unknown}
Potions
 c - 3 potions of attraction
 d - 3 potions of heal wounds {unknown}
 g - a potion of brilliance {unknown}
 l - 2 potions of degeneration {unknown}
 n - a potion of curing {unknown}
 o - a potion of might
 q - a potion of ambrosia {unknown}
 s - a potion of resistance
 v - a potion of haste {unknown}
 A - a potion of flight {unknown}
 C - a potion of lignification {unknown}


   Skills:
 - Level 8.0 Fighting
 - Level 7.1(7.8) Axes
 + Level 4.8(6.6) Polearms
 - Level 8.0 Armour
 + Level 7.6 Dodging
 - Level 4.0 Shields


You had 8 spell levels left.
You didn't know any spells.
Your spell library contained the following spells:

 Spells                   Type           Power        Failure   Level
 Magic Dart               Conj           0%           61%         1
 Summon Small Mammal      Summ           0%           61%         1
 Blink                    Tloc           N/A          75%         2
 Call Imp                 Summ           0%           75%         2
 Slow                     Hex            0%           75%         2
 Call Canine Familiar     Summ           0%           93%         3
 Conjure Flame            Conj/Fire      0%           93%         3
 Mephitic Cloud           Conj/Pois/Air  0%           93%         3
 Summon Guardian Golem    Hex/Summ       0%           93%         3
 Summon Ice Beast         Ice/Summ       0%           100%        4
 Summon Lightning Spire   Summ/Air       0%           100%        4


Dungeon Overview and Level Annotations

Branches:
Dungeon (7/15)             Temple (0/1) D:4

Altars:
Ashenzari
Dithmenos
Fedhas
Gozag
Hepliaklqana
Nemelex Xobeh
Okawaru
Qazlal
Sif Muna
Xom
The Shining One

Shops:
D:6 [


Innate Abilities, Weirdness & Mutations

You reflexively headbutt those who attack you in melee.
You have a pair of horns on your head.


Message History

You furiously retaliate!
You headbutt the deep elf pyromancer!!
You kill the deep elf pyromancer!
Trog accepts your kill.
Trog appreciates your killing of a magic user.
The fire elemental disappears in a puff of smoke! x2
Your base Polearms skill increases to level 4!
Your Dodging skill increases to level 7!
Your Shields skill gained 2 levels and is now at level 2!
You impale the deep elf pyromancer!!
You feel the power of Trog in you as your rage grows.
You kill the deep elf pyromancer!
Trog accepts your kill.
Trog appreciates your killing of a magic user.
You are covered in liquid flames!
* * * LOW HITPOINT WARNING * * *
Training target 8.0 for Armour reached!
Training target 4.0 for Shields reached!
Your Armour skill increases to level 8!
Your Shields skill gained 2 levels and is now at level 4!
You are covered in liquid flames!
* * * LOW HITPOINT WARNING * * *
You see here a +0 long sword.
You feel a strong urge to attack something.
You are covered in liquid flames!
* * * LOW HITPOINT WARNING * * *
There is an open door here.
You are covered in liquid flames!
* * * LOW HITPOINT WARNING * * *
You feel your anger nearly subside.
You are covered in liquid flames!
* * * LOW HITPOINT WARNING * * *
You are no longer berserk.
You are exhausted.
You feel yourself slow down.
You are covered in liquid flames!
* * * LOW HITPOINT WARNING * * *
It was a potion of attraction.
You feel attractive to monsters.
You are covered in liquid flames!
You die...

.#.....................)...#
.##.........#..............#
.##.....###...#####........#
######### ###.######.......#
.############....######.#####
..##........#.#.....# #.###.#
....................###.....#
.............8..............#
.............)..@...###..####
...........##'##....# #..#
.......<...#)..#....# ..##
...#.......#.°.#...>##..#
#..###.....#...##.####..#
.....#.....######.# ....#
..#..#.......# #.##.##.#
.............####.#..#
.##.#....###...##.#.#


There were no monsters in sight!

Vanquished Creatures
  2 deep elf pyromancers (D:7)
  Maggie (D:6)
  The ghost of pigah the Sneak, a novice OpWn of Okawaru (D:5)
  Eustachio (D:5)
  Sigmund (D:2)
  A black bear (D:6)
  An ogre (D:5)
  A centaur (D:5)
  A phantom (D:4)
  A scorpion (D:5)
  A hound (D:7)
  An orc priest (D:6)
  A bullfrog zombie (D:6)
  A centaur skeleton (D:5)
  Crazy Yiuf (D:2)
  Jessica (D:2)
  Terence (D:3)
  Natasha (D:3)
  An iguana (D:4)
  12 orc wizards
  A hound zombie (D:6)
  2 hound skeletons
  Robin (D:3)
  4 gnolls (D:4)
  8 adders
  A river rat (D:5)
  3 white imps (D:5)
  An adder skeleton (D:5)
  4 worms
  2 dart slugs
  7 leopard geckos
  16 orcs
  8 giant cockroaches
  2 hobgoblins
  13 jackals
  A quokka (D:2)
  3 ball pythons
  2 bats (D:1)
  4 frilled lizards
  15 goblins
  12 kobolds
  A leopard gecko skeleton (D:4)
  A quokka zombie (D:4)
  6 rats
150 creatures vanquished.

Notes
Turn   | Place    | Note
-------+----------+-------------------------------------------
     0 | D:1      | ALWAYSlose the Minotaur Berserker began the quest for the
                  | Orb.
     0 | D:1      | Reached XP level 1. HP: 19/19 MP: 0/0
   186 | D:1      | Reached XP level 2. HP: 27/27 MP: 1/1
   561 | D:1      | Reached ** piety under Trog
   714 | D:1      | Reached XP level 3. HP: 28/33 MP: 2/2
  1204 | D:2      | Noticed Sigmund
  1215 | D:2      | Killed Sigmund
  1216 | D:2      | Reached XP level 4. HP: 41/41 MP: 3/3
  1216 | D:2      | Reached XP level 5. HP: 47/47 MP: 4/4
  1690 | D:2      | Noticed Jessica
  1696 | D:2      | Killed Jessica
  1697 | D:2      | Reached skill level 5 in Fighting
  1718 | D:2      | Reached skill level 5 in Axes
  1960 | D:2      | Found a runed translucent door.
  1961 | D:2      | Noticed Crazy Yiuf
  1967 | D:2      | Killed Crazy Yiuf
  2123 | D:3      | Found a stormy altar of Qazlal.
  2163 | D:3      | Reached XP level 6. HP: 51/56 MP: 5/5
  2405 | D:3      | Noticed Terence
  2414 | D:3      | Killed Terence
  2571 | D:3      | Upgraded the game from 0.27-a0-346-ga689d4a613 to
                  | 0.27-a0-366-g8badd94918
  2672 | D:3      | Noticed Robin
  2679 | D:3      | Killed Robin
  2776 | D:3      | Noticed Natasha
  2785 | D:3      | Killed Natasha
  2862 | D:3      | Found an iron altar of Okawaru.
  2862 | D:3      | Found a glowing golden altar of the Shining One.
  3115 | D:4      | Found a sparkling altar of Nemelex Xobeh.
  3129 | D:4      | Found a shimmering blue altar of Sif Muna.
  3132 | D:4      | Found a blossoming altar of Fedhas.
  3135 | D:4      | Found a broken altar of Ashenzari.
  3225 | D:4      | Reached *** piety under Trog
  3269 | D:4      | Reached XP level 7. HP: 62/62 MP: 6/6
  3270 | D:4      | Reached skill level 5 in Armour
  3276 | D:4      | Found a staircase to the Ecumenical Temple.
  3814 | D:5      | Entered Level 5 of the Dungeon
  3862 | D:5      | Found an opulent altar of Gozag.
  3899 | D:5      | Found a runed translucent door.
  3900 | D:5      | Noticed pigah's ghost (novice OpWn)
  3915 | D:5      | Killed pigah's ghost
  3916 | D:5      | Reached skill level 5 in Dodging
  3924 | D:5      | Found a runed translucent door.
  3938 | D:5      | Found a shadowy altar of Dithmenos.
  4052 | D:5      | Reached XP level 8. HP: 67/71 MP: 7/7
  4296 | D:5      | Noticed Eustachio
  4317 | D:5      | Killed Eustachio
  4619 | D:6      | Got a jewelled trident
  4620 | D:6      | Identified the +1 trident of Onimiyqy {vorpal, Str+6} (You
                  | found it on level 6 of the Dungeon)
  4638 | D:6      | Noticed Maggie
  4653 | D:6      | Killed Maggie
  4717 | D:6      | Reached **** piety under Trog
  4880 | D:6      | Found Liybir's Antique Armour Emporium.
  5093 | D:6      | Found a stormy altar of Qazlal.
  5105 | D:6      | Reached XP level 9. HP: 81/81 MP: 8/8
  5449 | D:6      | Bought a shiny buckler for 195 gold pieces
  5856 | D:7      | Found a shimmering altar of Xom.
  5920 | D:7      | Found a hazy altar of Hepliaklqana.
  5920 | D:7      | Noticed a deep elf pyromancer
  5920 | D:7      | Noticed a deep elf pyromancer
  5930 | D:7      | Killed a deep elf pyromancer
  5931 | D:7      | Killed a deep elf pyromancer
  5936 | D:7      | HP: 2/81 [burnt (10)]
  5937 | D:7      | Incinerated by a deep elf pyromancer

Illustrated notes

Levels and vault maps discovered:
D:1:      ebering_trefoil_twist, layout_loops_cross, minmay_octomino_e4
D:2:      layout_basic, uniq_jessica, uniq_crazy_yiuf_cottage, uniq_sigmund
D:3:      layout_loops_ring, lemuel_coloured_pillars_altar,
          gammafunk_temple_overflow_pools, uniq_natasha, uniq_terence,
          uniq_robin
D:4:      layout_basic, grunt_temple_overflow_cloverleaf,
          minmay_temple_entry_wispy
D:5:      layout_basic, general_overflow_altar, nicolae_overflow_hidden_temple,
          ebering_ghost_sewer_f, uniq_eustachio
D:6:      minmay_flawed_box, layout_cave_pods, serial_shops, shop,
          grunt_qazlal_clouds, uniq_maggie
D:7:      layout_rooms, nicolae_overflow_crystal_walls, david_defended_altar_elf

Skill      XL: |  1  2  3  4  5  6  7  8  9 |
---------------+----------------------------+-----
Fighting       | 4 5 6 7 8 |  8.0
Axes           | 4 5 6 7 |  7.1
Armour         | 3 4 6 7 8 |  8.0
Dodging        | 3 4 5 6 7 |  7.6
Polearms       | 3 4 |  4.8
Shields        | 4 |  4.0

Action                   |  1- 3 |  4- 6 |  7- 9 || total
-------------------------+-------+-------+-------++-------
Melee: Hand axe          |    54 |   124 |    95 ||   273
       Headbutt          |     6 |    20 |    43 ||    69
       Trident           |       |       |    89 ||    89
Invok: Berserk           |     2 |     4 |     5 ||    11
       Trog's Hand       |     1 |       |     1 ||     2
  Use: Potion            |       |       |     1 ||     1
Armor: Animal skin       |    10 |       |       ||    10
       Plate armour      |       |    61 |    52 ||   113
       Swamp dragon scal |       |       |    38 ||    38
Dodge: Dodged            |    35 |    50 |    62 ||   147
Block: Buckler           |       |       |     2 ||     2

Table legend: (Time is in decaauts)
 A = Elapsed time spent in this place.
 B = Non-inter-level travel time spent in this place.
 C = Inter-level travel time spent in this place.
 D = Time resting spent in this place.
 E = Time spent auto-exploring this place.
 F = Levels seen in this place.
 G = Mean time per level.
                   A        B        C        D        E       F      G
               +--------+--------+--------+--------+--------+-----+--------+
         Total |   6024 |   5545 |    479 |    361 |   4339 |   7 |  860.6 |
       Dungeon |   6024 |   5545 |    479 |    361 |   4339 |   7 |  860.6 |
               +--------+--------+--------+--------+--------+-----+--------+

Top non-repeatable levels by time:
     D:1: 1352 daAuts
     D:6: 1246 daAuts
     D:3: 937 daAuts
     D:4: 793 daAuts
     D:2: 786 daAuts
     D:5: 784 daAuts
     D:7: 123 daAuts
